 Dungeon Crawl Stone Soup version 0.29-a0-495-g17b79114eb (webtiles) character file.

Game seed: 13030644893321675595

87 Hubjo the Firebug (level 4, -3/26 HPs)
             Began as a Deep Elf Fire Elementalist on May 27, 2022.
             Slain by Natasha (8 damage)
             ... on level 3 of the Dungeon.
             The game lasted 00:03:24 (2691 turns).

Hubjo the Firebug (Deep Elf Fire Elementalist)      Turns: 2691, Time: 00:03:24

Health: -3/26      AC:  2    Str:  5    XL:     4   Next: 28%
Magic:  3/11       EV: 12    Int: 22    God:
Gold:   78         SH:  0    Dex: 15    Spells: 9/10 levels left

rFire   . . .      SeeInvis .   d - +1 dagger (drain)
rCold   . . .      Faith    .   (no shield)
rNeg    . . .      Spirit   .   a - +0 robe
rPois   .          Reflect  .   (no helmet)
rElec   .          Harm     .   (no cloak)
rCorr   .          Rampage  .   (no gloves)
Will    .....                   (no boots)
Stlth   ++........              (no amulet)
HPRegen 0.08/turn               (no ring)
MPRegen 0.12/turn               (no ring)

@: no status effects
A: no striking features
a: no special abilities


You were on level 3 of the Dungeon.
You visited 1 branch of the dungeon, and saw 3 of its levels.

You collected 78 gold pieces.

Inventory:

Hand Weapons
 d - a +1 dagger of draining (weapon)
Armour
 a - a +0 robe (worn)
Jewellery
 g - a ring of willpower
Scrolls
 e - a scroll of identify
 f - a scroll of teleportation
 k - a scroll of vulnerability
Potions
 b - a potion of magic
 c - a potion of mutation {unknown}
 h - a potion of curing
 i - a potion of haste {unknown}
 j - a potion of might {unknown}
 l - a potion of degeneration {unknown}


   Skills:
 * Level 2.0 Fighting
 - Level 2.4 Dodging
 + Level 3.3 Stealth
 + Level 3.8 Spellcasting
 - Level 1.1 Conjurations
 + Level 3.8 Fire Magic


You had 9 spell levels left.
You knew the following spells:

 Your Spells              Type           Power      Damage    Failure   Level
a - Foxfire               Conj/Fire      60%        2x1d7     4%          1

Your spell library contained the following spells:

 Spells                   Type           Power      Damage    Failure   Level
 Scorch                   Fire           42%        2d7       3%          2
 Conjure Flame            Conj/Fire      15%        6-21      12%         3
 Inner Flame              Hex/Fire       12%        N/A       16%         3
 Sublimation of Blood     Necr           4%         N/A       17%         2
 Wereblood                Tmut           4%         N/A       17%         2
 Flame Wave               Conj/Fire      15%        2d6       38%         4
 Summon Hydra             Summ           2%         N/A       100%        7


Dungeon Overview and Level Annotations

Branches:
Dungeon (3/15)

Altars:

Shops:
D:1 !   D:3 [[

Annotations:
D:3 Natasha


Message History

You conjure some foxfire!
Natasha mumbles some strange words.
The crimson imp hits you.
You conjure some foxfire!
The foxfire hits the crimson imp but does no damage. x2
The crimson imp hits you.
Natasha wildly gestures.
Natasha glows brightly for a moment.
Unknown command.
There are monsters nearby!
As you read the scroll labelled YSASAR KUNINESEF, it crumbles to dust.
The creatures around you are filled with an inner flame!
It was a scroll of immolation.
The foxfire hits the iron imp.
The iron imp completely resists.
The iron imp hits you!
The crimson imp blinks!
The crimson imp hits you but does no damage.
The crimson imp barely misses you. Natasha claws you!
* * * LOW HITPOINT WARNING * * *
Your magical contamination has completely faded away.
It was a potion of curing.
You feel better.
Natasha stares at you and mumbles some strange words.
The magic dart hits you!
* * * LOW HITPOINT WARNING * * *
You feel better. Natasha claws you.
* * * LOW HITPOINT WARNING * * *
Natasha attacks as you move away! Natasha barely misses you.
Natasha attacks as you move away! Natasha misses you.
Natasha stares at you and mumbles some strange words.
You resist with some effort.
Natasha wildly gestures.
Natasha's front paws start to glow.
Natasha attacks as you move away! Natasha claws you.
* * * LOW HITPOINT WARNING * * *
Found Kumamigg's Armour Shoppe.
The iron imp grins evilly.
Found 27 gold pieces.
Natasha misses you. Natasha attacks as you move away!
Natasha claws you but does no damage. Natasha attacks as you move away!
Natasha claws you!
You die...

#.# #.##...##.# ##.#
#.###.## # #..# #.#
#.## .######.####5#
#..# ..........##.#
##.# ######....##.#
#.##
##.....##.###...#.#
###.......#.##....$$#
#.........#..h@...∩.#
#.#.......####.....##
#.##...(.## ##...##
#.###...## ..## #.#
##.## ### ###.####.#
.........# ##...#####
##...#######


You could see Natasha (inner flame).

Vanquished Creatures
  3 adders
  2 worms (D:2)
  2 dart slugs
  8 endoplasms
  5 goblins
  2 hobgoblins
  6 jackals
  2 quokkas (D:1)
  3 ball pythons
  5 bats (D:1)
  4 frilled lizards
  6 kobolds
  A rat (D:2)
49 creatures vanquished.

Vanquished Creatures (collateral kills)
  A foxfire (D:2)
1 creature vanquished.

Vanquished Creatures (others)
  315 foxfires
315 creatures vanquished.

Grand Total: 365 creatures vanquished

Notes
Turn   | Place    | Note
-------+----------+-------------------------------------------
     0 | D:1      | Hubjo the Deep Elf Fire Elementalist began the quest for
                  | the Orb.
     0 | D:1      | Reached XP level 1. HP: 10/10 MP: 6/6
   379 | D:1      | Reached XP level 2. HP: 16/16 MP: 4/8
   542 | D:1      | Found Juewarem's Distillery.
   579 | D:1      | Reached skill level 1 in Fighting
  1067 | D:1      | Reached XP level 3. HP: 20/20 MP: 6/9
  1210 | D:1      | You fall into a shaft and drop 1 floor!
  2012 | D:2      | Reached XP level 4. HP: 26/26 MP: 8/11
  2318 | D:3      | Found Urapueq's Antique Armour Emporium.
  2662 | D:3      | Noticed Natasha
  2687 | D:3      | Found Kumamigg's Armour Shoppe.
  2691 | D:3      | Slain by Natasha

Illustrated notes

Levels and vault maps discovered:
D:1:      dpeg_arrival_yet_another_circle, layout_loops_ring, serial_shops,
          nicolae_shop_crystal
D:2:      layout_rooms
D:3:      layout_loops_ring, amcnicky_altar_gilded,
          nicolae_overflow_hidden_temple, serial_shops, shop,
          nicolae_shop_waterfront, nicolae_square_shop, shop,
          chequers_serial_rivers_micro_d, uniq_natasha

Skill      XL: |  1  2  3  4 |
---------------+-------------+-----
Fighting       | 1 2 |  2.0
Stealth        | 3 |  3.3
Dodging        | |  2.4
Spellcasting   | |  3.8
Conjurations   | |  1.1
Fire Magic     | |  3.8

Action                   |  1- 3 |  4- 6 || total
-------------------------+-------+-------++-------
Melee: Dagger            |     9 |     2 ||    11
 Cast: Foxfire           |   156 |    42 ||   198
  Use: Scroll            |       |     3 ||     3
       Potion            |       |     2 ||     2
Armor: Robe              |     8 |     4 ||    12
Dodge: Dodged            |    29 |    13 ||    42

Table legend: (Time is in decaauts)
 A = Elapsed time spent in this place.
 B = Non-inter-level travel time spent in this place.
 C = Inter-level travel time spent in this place.
 D = Time resting spent in this place.
 E = Time spent auto-exploring this place.
 F = Levels seen in this place.
 G = Mean time per level.
                   A        B        C        D        E       F      G
               +--------+--------+--------+--------+--------+-----+--------+
         Total |   2690 |   2634 |     56 |      0 |   2245 |   3 |  896.7 |
       Dungeon |   2690 |   2634 |     56 |      0 |   2245 |   3 |  896.7 |
               +--------+--------+--------+--------+--------+-----+--------+

Top non-repeatable levels by time:
     D:1: 1209 daAuts
     D:2: 1107 daAuts
     D:3: 372 daAuts
